 Dungeon Crawl Stone Soup version 0.28.0-43-g3370ac3207 (webtiles) character file.

Game seed: 14010227931563254017

74 pkoi the Conjurer (level 4, -3/24 HPs)
             Began as a Deep Elf Conjurer on Mar 21, 2022.
             Was an Initiate of Ru.
             Killed from afar by Terence (7 damage)
             ... with a puff of flame
             ... on level 2 of the Dungeon.
             The game lasted 00:02:32 (2860 turns).

pkoi the Conjurer (Deep Elf Conjurer)               Turns: 2860, Time: 00:02:33

Health: -3/24      AC:  6    Str:  4    XL:     4   Next: 10%
Magic:  1/10       EV: 12    Int: 25    God:    Ru [......]
Gold:   89         SH:  0    Dex: 13    Spells: 2/9 levels left

rFire   . . .      SeeInvis .   i - +0 dagger
rCold   . . .      Faith    .   (no shield)
rNeg    . . .      Spirit   .   a - +0 robe
rPois   .          Reflect  .   (no helmet)
rElec   .          Harm     .   (no cloak)
rCorr   .          Rampage  .   (no gloves)
Will    .....                   (no boots)
Stlth   ++........              (no amulet)
HPRegen 0.08/turn               j - +4 ring of protection
MPRegen 0.12/turn               (no ring)

@: about to teleport
A: no striking features
a: Renounce Religion


You were on level 2 of the Dungeon.
You worshipped Ru.
Ru was noncommittal.
You visited 1 branch of the dungeon, and saw 3 of its levels.

You collected 89 gold pieces.

Inventory:

Hand Weapons
 i - a +0 dagger (weapon)
Armour
 a - a +0 robe (worn)
 g - a +1 buckler of protection
 k - an orb of energy
Jewellery
 j - a +4 ring of protection (left hand)
Scrolls
 b - a scroll of silence {unknown}
 c - a scroll of teleportation
 d - a scroll of summoning {unknown}
 e - a scroll of vulnerability {unknown}
 f - a scroll of fear {unknown}
 h - a scroll of identify {unknown}


   Skills:
 - Level 2.4 Dodging
 - Level 2.4 Stealth
 + Level 3.0 Spellcasting
 * Level 6.2 Conjurations
 * Level 0.0 Translocations


You had 2 spell levels left.
You knew the following spells:

 Your Spells              Type           Power      Damage    Failure   Level
a - Magic Dart            Conj           100%       1d8       1%          1
b - Searing Ray           Conj           70%        2d7       1%          2
c - Iskenderun's Mystic   Conj/Tloc      19%        2d6       28%         4

Your spell library contained the following spells:

 Spells                   Type           Power      Damage    Failure   Level
 Static Discharge         Conj/Air       19%        N/A       4%          2
 Slow                     Hex            12%        N/A       10%         1
 Corpse Rot               Necr/Air       6%         N/A       16%         2
 Dazzling Flash           Conj/Hex       38%        N/A       9%          3
 Fulminant Prism          Conj/Hex       9%         3d7       28%         4
 Sticky Flame             Conj/Fire      19%        2d4       28%         4
 Confusing Touch          Hex            3%         N/A       30%         3
 Vampiric Draining        Necr           3%         2d6       30%         3
 Dispel Undead            Necr           3%         3d7       69%         4
 Death Channel            Necr           1%         N/A       100%        6


Dungeon Overview and Level Annotations

Branches:
Dungeon (3/15)

Altars:
Ru
The Shining One

Annotations:
D:2 1 runed translucent door, Crazy Yiuf, Terence


Message History

Aiming: Searing Ray (safe; 1% risk of failure)
Press: ? - help, Shift-Dir - straight line, f/p - Terence
Aim: Terence, wielding a +0 flail of protection, wearing a +0 scale mail and carrying a wand of flame (6) (moderately wounded, 83% to hit)
The searing ray hits Terence but does no damage.
Terence is moderately wounded. (Press . to maintain the ray.) Terence looks scornfully at you.
Terence misses you.
The searing ray hits Terence but does no damage.
Terence is moderately wounded.
Terence hits you with a +0 flail of protection.
* * * LOW HITPOINT WARNING * * *
Unknown command.
The searing ray hits Terence.
Terence is heavily wounded.
Terence completely misses you.
Unknown command.
The searing ray hits Terence.
Terence is severely wounded.
You finish channelling your searing ray.
Terence closely misses you.
Unknown command.
Aiming: Magic Dart (safe; 1% risk of failure)
Press: ? - help, Q - select action, (/) - cycle Shift-Dir - straight line, f/p - Terence
Aim: Terence, wielding a +0 flail of protection, wearing a +0 scale mail and carrying a wand of flame (6) (severely wounded, 100% to hit)
The magic dart hits Terence but does no damage.
Terence is severely wounded.
Terence barely misses you.
Terence zaps a wand.
The puff of flame hits you!
* * * LOW HITPOINT WARNING * * *
You climb upwards.
Level annotation: 1 runed translucent door, Crazy Yiuf
There is a stone staircase leading down here.
You aren't carrying any items that you can evoke.
Unknown command.
You aren't carrying any potions.
As you read the scroll labelled JUSHOUNLEMM, it crumbles to dust.
You feel strangely unstable.
It was a scroll of teleportation.
Terence zaps a wand.
The puff of flame hits you!
You die...

############
....##...>.##
............##
.............###########
.......................#
.....<.................#
.......................#
..............@........#
................@......#
............####.#######
....##......####.#
#######.##....##.# .#
#...#...##.# .#
#.#...#.#..# .#
#...#...#.##
#######.#...#.#.#
..........#...#.#


You could see Terence.

Vanquished Creatures
  Robin (D:3)
  2 adders
  2 worms
  A dart slug (D:3)
  4 endoplasms
  10 goblins
  4 hobgoblins
  2 quokkas
  3 ball pythons (D:1)
  A bat (D:3)
  3 frilled lizards
  A kobold (D:3)
  3 rats
37 creatures vanquished.

Notes
Turn   | Place    | Note
-------+----------+-------------------------------------------
     0 | D:1      | pkoi the Deep Elf Conjurer began the quest for the Orb.
     0 | D:1      | Reached XP level 1. HP: 10/10 MP: 6/6
   293 | D:1      | Found a faded altar of an unknown god.
   592 | D:1      | Reached XP level 2. HP: 15/15 MP: 6/8
   704 | D:1      | Reached skill level 5 in Conjurations
  1280 | D:2      | Reached XP level 3. HP: 19/19 MP: 5/9
  1629 | D:2      | Found a runed translucent door.
  1630 | D:2      | Noticed Crazy Yiuf
  1901 | D:3      | Noticed Robin
  2259 | D:3      | Killed Robin
  2260 | D:3      | Reached skill level 6 in Conjurations
  2423 | D:3      | Found a sacrificial altar of Ru.
  2432 | D:3      | Reached XP level 4. HP: 24/24 MP: 4/10
  2498 | D:3      | Found a glowing golden altar of the Shining One.
  2502 | D:3      | Became a worshipper of Ru the Awakened
  2630 | D:3      | Noticed Terence
  2834 | D:2      | Learned a level 2 spell: Searing Ray
  2839 | D:2      | Learned a level 4 spell: Iskenderun's Mystic Blast
  2860 | D:2      | Killed from afar by Terence

Illustrated notes

Levels and vault maps discovered:
D:1:      pf_arrival_petrified_forest, layout_loops_corners,
          basic_ecumenical_altar, grunt_decor_mini_mirrors,
          serial_park_tiny_pond
D:2:      layout_rooms, hex_tiny, hangedman_decor_growths,
          uniq_crazy_yiuf_cottage
D:3:      layout_basic, mainiacjoe_overflow_alcove_4, led_sif_pool,
          grunt_temple_overflow_open, uniq_robin, uniq_sigmund, uniq_terence

Skill      XL: |  1  2  3 |
---------------+----------+-----
Conjurations   | 5 6 |  6.2
Dodging        | |  2.4
Stealth        | |  2.4
Spellcasting   | |  3.0

Action                   |  1- 3 |  4- 6 || total
-------------------------+-------+-------++-------
 Cast: Magic Dart        |    62 |     8 ||    70
       Searing Ray       |       |     2 ||     2
  Use: Scroll            |       |     1 ||     1
Armor: Robe              |       |     1 ||     1
Dodge: Dodged            |     2 |     6 ||     8
